| TOP OF THE 1ST |
|
Hamilton Ross Rams batting - Pitching for Arizona State University Sun Devils : LHP Jamie Treminio
|
|
Pitching: LHP Jamie Treminio
|
|
|
Batting: LHB Addergoole Kartosuwiryo
|
0-0: Ball 1-0: Called Strike 1-1: Swinging Strike 1-2: Ball 2-2: Ball 3-2: Foul Ball, location: 2F 3-2: Foul Ball, location: 2F 3-2: Base on Balls
|
|
Batting: RHB Giovonni Melis
|
0-0: Called Strike 0-1: Ball Addergoole Kartosuwiryo is caught stealing 2nd base 2-4 1-1: Foul Ball, location: 2F 1-2: Ball 2-2: Strikes out swinging, 2-3 out at first.
|
|
Batting: RHB Burke Miller
|
0-0: Called Strike 0-1: Ball 1-1: Fly out, F9 (Flyball, 9D, EV 89.4 MPH)
|
| Top of the 1st over - 0 runs, 0 hits, 0 errors, 0 left on base; Hamilton Ross 0 - Arizona State University 0 |
| BOTTOM OF THE 1ST |
|
Arizona State University Sun Devils batting - Pitching for Hamilton Ross Rams : RHP Juan Peralez
|
|
Pitching: RHP Juan Peralez
|
|
|
Batting: RHB Rusty Gee
|
0-0: Called Strike 0-1: Ball 1-1: Ball 2-1: Foul Ball, location: 2F 2-2: Reached on error, E4 (Groundball, 34, EV 85.6 MPH)
|
|
Batting: RHB Hervé Papin
|
0-0: Called Strike 0-1: DOUBLE (Line Drive, 7LS, EV 112.5 MPH) Rusty Gee to third
|
|
Batting: LHB Randy Marquez
|
0-0: Called Strike 0-1: Ball 1-1: SINGLE (Groundball, 4MD, EV 95.6 MPH) Rusty Gee scores Hervé Papin to third Runner from 3rd tries for Home, SAFE, throw by CF to home
|
|
Batting: LHB Eric Russell
|
0-0: Ball 1-0: SINGLE (Groundball, 56, EV 101.9 MPH) Randy Marquez to second
|
|
Batting: LHB Dustin Gill
|
0-0: Called Strike 0-1: Called Strike 0-2: Strikes out swinging
|
|
Batting: LHB Burraga Iukini
|
0-0: Foul Ball, location: 2F 0-1: Ball 1-1: Foul Ball, location: 2F 1-2: Foul Ball, location: 2F 1-2: Ball 2-2: Ball 3-2: Fielders Choice at 2nd, 6-4 (Groundball, 6, EV 84.4 MPH) Randy Marquez to third
|
|
Batting: RHB Jun-hyuk Leem
|
0-0: Fly out, F7 (Flyball, 7S, EV 90.6 MPH)
|
| Bottom of the 1st over - 2 runs, 3 hits, 1 error, 2 left on base; Hamilton Ross 0 - Arizona State University 2 |
| TOP OF THE 2ND |
|
Hamilton Ross Rams batting - Pitching for Arizona State University Sun Devils : LHP Jamie Treminio
|
|
Batting: RHB Waggoner Wagner
|
0-0: Called Strike 0-1: Ball 1-1: Swinging Strike 1-2: Strikes out swinging
|
|
Batting: RHB Sam Costello
|
0-0: Ball 1-0: Ball 2-0: Swinging Strike 2-1: Ball 3-1: Fly out, F8 (Flyball, 89D, EV 99.4 MPH)
|
|
Batting: SHB Steve Bailey
|
0-0: Foul Ball, location: 2F 0-1: Fly out, F3 (Popup, 3F, EV 60.0 MPH)
|
| Top of the 2nd over - 0 runs, 0 hits, 0 errors, 0 left on base; Hamilton Ross 0 - Arizona State University 2 |
| BOTTOM OF THE 2ND |
|
Arizona State University Sun Devils batting - Pitching for Hamilton Ross Rams : RHP Juan Peralez
|
|
Batting: RHB Carl Evans
|
0-0: Ball 1-0: Foul Ball, location: 2F 1-1: Foul Ball, location: 2F 1-2: Ball 2-2: Ground out 5-3 (Groundball, 5, EV 85.0 MPH)
|
|
Batting: RHB Stephen Wheeler
|
0-0: Called Strike 0-1: Ground out 5-3 (Groundball, 56, EV 104.4 MPH)
|
|
Batting: RHB Rusty Gee
|
0-0: Ball 1-0: Ground out 6-3 (Groundball, 6, EV 85.6 MPH)
|
| Bottom of the 2nd over - 0 runs, 0 hits, 0 errors, 0 left on base; Hamilton Ross 0 - Arizona State University 2 |
| TOP OF THE 3RD |
|
Hamilton Ross Rams batting - Pitching for Arizona State University Sun Devils : LHP Jamie Treminio
|
|
Batting: RHB C.J. Fleet
|
0-0: Ball 1-0: Swinging Strike 1-1: Foul Ball, location: 2F 1-2: Strikes out looking
|
|
Batting: RHB Mark Kerr
|
0-0: Fly out, F9 (Flyball, 9, EV 78.1 MPH)
|
|
Batting: RHB Anderson Shumate
|
0-0: Ball 1-0: Called Strike 1-1: Ball 2-1: Swinging Strike 2-2: Ball 3-2: Strikes out swinging
|
| Top of the 3rd over - 0 runs, 0 hits, 0 errors, 0 left on base; Hamilton Ross 0 - Arizona State University 2 |
| BOTTOM OF THE 3RD |
|
Arizona State University Sun Devils batting - Pitching for Hamilton Ross Rams : RHP Juan Peralez
|
|
Batting: RHB Hervé Papin
|
0-0: Ball 1-0: SINGLE (Groundball, 34, EV 111.9 MPH) (infield hit)
|
|
Batting: LHB Randy Marquez
|
0-0: Called Strike Hervé Papin is caught stealing 2nd base 2-6 0-1: Ball 1-1: Ground out 1-3 (Groundball, 23, EV 63.1 MPH)
|
|
Batting: LHB Eric Russell
|
0-0: Fly out, F4 (Line Drive, 4, EV 68.1 MPH)
|
| Bottom of the 3rd over - 0 runs, 1 hit, 0 errors, 0 left on base; Hamilton Ross 0 - Arizona State University 2 |
| TOP OF THE 4TH |
|
Hamilton Ross Rams batting - Pitching for Arizona State University Sun Devils : LHP Jamie Treminio
|
|
Batting: LHB Addergoole Kartosuwiryo
|
0-0: Ball 1-0: Swinging Strike 1-1: Ball 2-1: Ball 3-1: Base on Balls
|
|
Batting: RHB Giovonni Melis
|
0-0: Foul Ball, location: 2F 0-1: Ball 1-1: SINGLE (Groundball, 5S, EV 70.0 MPH) (infield hit) Addergoole Kartosuwiryo to second
|
|
Batting: RHB Burke Miller
|
0-0: Called Strike 0-1: Ball 1-1: Swinging Strike 1-2: Strikes out swinging
|
|
Batting: RHB Waggoner Wagner
|
0-0: Called Strike 0-1: Called Strike 0-2: Ball 1-2: Strikes out swinging
|
|
Batting: RHB Sam Costello
|
0-0: Ball 1-0: Ball 2-0: Ball 3-0: Called Strike 3-1: Foul Ball, location: 2F 3-2: Strikes out swinging
|
| Top of the 4th over - 0 runs, 1 hit, 0 errors, 2 left on base; Hamilton Ross 0 - Arizona State University 2 |
| BOTTOM OF THE 4TH |
|
Arizona State University Sun Devils batting - Pitching for Hamilton Ross Rams : RHP Juan Peralez
|
|
Batting: LHB Dustin Gill
|
0-0: Swinging Strike 0-1: Ball 1-1: Ball 2-1: SINGLE (Groundball, 4MD, EV 106.9 MPH)
|
|
Batting: LHB Burraga Iukini
|
0-0: Swinging Strike 0-1: Swinging Strike 0-2: Ball 1-2: Foul Ball, location: 2F 1-2: Strikes out looking
|
|
Batting: RHB Jun-hyuk Leem
|
0-0: Ball 1-0: Ball 2-0: Swinging Strike 2-1: Called Strike 2-2: Fielders Choice at 2nd, 1-4 (Groundball, 15S, EV 71.2 MPH)
|
|
Batting: RHB Carl Evans
|
0-0: Ball 1-0: SINGLE (Groundball, 56D, EV 96.9 MPH) Jun-hyuk Leem to second
|
|
Batting: RHB Stephen Wheeler
|
0-0: Swinging Strike 0-1: Called Strike 0-2: Ball 1-2: Ball 2-2: Strikes out swinging
|
| Bottom of the 4th over - 0 runs, 2 hits, 0 errors, 2 left on base; Hamilton Ross 0 - Arizona State University 2 |
| TOP OF THE 5TH |
|
Hamilton Ross Rams batting - Pitching for Arizona State University Sun Devils : LHP Jamie Treminio
|
|
Batting: SHB Steve Bailey
|
0-0: Called Strike 0-1: Ball 1-1: Swinging Strike 1-2: SINGLE (Groundball, 4MD, EV 108.8 MPH)
|
|
Batting: RHB C.J. Fleet
|
0-0: Called Strike 0-1: Foul Ball, location: 2F 0-2: Foul Ball, location: 2F 0-2: Foul Ball, location: 2F 0-2: Fly out, F6 (Popup, 4M, EV 74.4 MPH)
|
|
Batting: RHB Mark Kerr
|
0-0: Ball 1-0: Grounds into double play, 2-6-3 (Groundball, 2R, EV 70.6 MPH)
|
| Top of the 5th over - 0 runs, 1 hit, 0 errors, 0 left on base; Hamilton Ross 0 - Arizona State University 2 |
| BOTTOM OF THE 5TH |
|
Arizona State University Sun Devils batting - Pitching for Hamilton Ross Rams : RHP Juan Peralez
|
|
Batting: RHB Rusty Gee
|
0-0: Ball 1-0: Swinging Strike 1-1: Ball 2-1: Foul Ball, location: 2F 2-2: Strikes out swinging
|
|
Batting: RHB Hervé Papin
|
0-0: Ball 1-0: Called Strike 1-1: Ball 2-1: Ground out 1-3 (Groundball, 34S, EV 72.5 MPH)
|
|
Batting: LHB Randy Marquez
|
0-0: Ball 1-0: Ball 2-0: Ball 3-0: Called Strike 3-1: Called Strike 3-2: Ground out 4-3 (Groundball, 4, EV 78.8 MPH)
|
| Bottom of the 5th over - 0 runs, 0 hits, 0 errors, 0 left on base; Hamilton Ross 0 - Arizona State University 2 |
| TOP OF THE 6TH |
|
Hamilton Ross Rams batting - Pitching for Arizona State University Sun Devils : LHP Jamie Treminio
|
|
Batting: RHB Anderson Shumate
|
0-0: Called Strike 0-1: Ball 1-1: Called Strike 1-2: Ball 2-2: Strikes out swinging
|
|
Pitching: RHP Yic Li
|
|
|
Batting: LHB Addergoole Kartosuwiryo
|
0-0: Ball 1-0: Called Strike 1-1: Called Strike 1-2: Strikes out swinging
|
|
Batting: RHB Giovonni Melis
|
0-0: Ball 1-0: Ball 2-0: SINGLE (Line Drive, 34, EV 95.0 MPH)
|
|
Batting: RHB Burke Miller
|
0-0: SINGLE (Line Drive, 8LS, EV 88.1 MPH) Giovonni Melis to second
|
|
Batting: RHB Waggoner Wagner
|
0-0: Fielders Choice at 2nd, 5-4 (Groundball, 56, EV 80.0 MPH)
|
| Top of the 6th over - 0 runs, 2 hits, 0 errors, 2 left on base; Hamilton Ross 0 - Arizona State University 2 |
| BOTTOM OF THE 6TH |
|
Arizona State University Sun Devils batting - Pitching for Hamilton Ross Rams : RHP Juan Peralez
|
|
Batting: LHB Eric Russell
|
0-0: Ball 1-0: Ball 2-0: Called Strike 2-1: Ball 3-1: Foul Ball, location: 2F 3-2: Reached on error, E3 (Groundball, 13, EV 82.5 MPH)
|
|
Pitching: RHP Jimmy Simpson
|
|
|
Batting: LHB Dustin Gill
|
0-0: Called Strike 0-1: Foul Ball, location: 2F 0-2: Strikes out swinging
|
|
Batting: LHB Burraga Iukini
|
0-0: Ball Eric Russell steals 2nd base 1-0: Called Strike 1-1: Ball 2-1: Swinging Strike 2-2: Strikes out looking
|
|
Batting: RHB Jun-hyuk Leem
|
0-0: Ball 1-0: Called Strike 1-1: Foul Ball, location: 2F 1-2: Ball 2-2: Strikes out looking
|
| Bottom of the 6th over - 0 runs, 0 hits, 1 error, 1 left on base; Hamilton Ross 0 - Arizona State University 2 |
| TOP OF THE 7TH |
|
Hamilton Ross Rams batting - Pitching for Arizona State University Sun Devils : RHP Yic Li
|
|
Batting: RHB Sam Costello
|
0-0: Ball 1-0: Ground out 6-3 (Groundball, 6, EV 106.9 MPH)
|
|
Batting: SHB Steve Bailey
|
0-0: Ball 1-0: Ball 2-0: Called Strike 2-1: SINGLE (Groundball, 23, EV 74.4 MPH) (infield hit)
|
|
Batting: RHB C.J. Fleet
|
0-0: Swinging Strike 0-1: Ball 1-1: SINGLE (Groundball, 5S, EV 76.2 MPH) (infield hit) Steve Bailey to second
|
|
Pinch Hitting: LHB Jose Lopez
|
0-0: Ball 1-0: Swinging Strike 1-1: Called Strike 1-2: Ball 2-2: Strikes out swinging
|
|
Batting: RHB Anderson Shumate
|
0-0: Called Strike 0-1: Foul Ball, location: 2F 0-2: Strikes out swinging
|
| Top of the 7th over - 0 runs, 2 hits, 0 errors, 2 left on base; Hamilton Ross 0 - Arizona State University 2 |
| BOTTOM OF THE 7TH |
|
Arizona State University Sun Devils batting - Pitching for Hamilton Ross Rams : RHP Jimmy Simpson
|
|
Now in LF: Jose Lopez
|
|
|
Now in CF: Giovonni Melis
|
|
|
Batting: RHB Carl Evans
|
0-0: Called Strike 0-1: Ball 1-1: SINGLE (Groundball, 56S, EV 71.2 MPH) (infield hit)
|
|
Batting: RHB Stephen Wheeler
|
0-0: Sac Bunt to 3S - play at first, batter safe! Carl Evans to second
|
|
Batting: RHB Rusty Gee
|
0-0: Bunted foul 0-1: Sac Bunt to 15 - play at first, batter OUT! 1-4 Carl Evans to third Stephen Wheeler to second
|
|
Batting: RHB Hervé Papin
|
0-0: Called Strike 0-1: Ball 1-1: Ground out 5-3 (Groundball, 56, EV 100.0 MPH) Carl Evans scores
|
|
Batting: LHB Randy Marquez
|
0-0: Foul Ball, location: 2F 0-1: Called Strike 0-2: Foul Ball, location: 2F 0-2: Ground out 4-3 (Groundball, 4M, EV 108.8 MPH)
|
| Bottom of the 7th over - 1 run, 2 hits, 0 errors, 1 left on base; Hamilton Ross 0 - Arizona State University 3 |
| TOP OF THE 8TH |
|
Hamilton Ross Rams batting - Pitching for Arizona State University Sun Devils : RHP Yic Li
|
|
Batting: LHB Addergoole Kartosuwiryo
|
0-0: Ball 1-0: Ball 2-0: Ball 3-0: Base on Balls
|
|
Batting: RHB Giovonni Melis
|
0-0: Swinging Strike 0-1: Called Strike 0-2: Ball 1-2: Ball 2-2: Strikes out looking
|
|
Batting: RHB Burke Miller
|
0-0: Called Strike 0-1: Called Strike 0-2: Fly out, F8 (Flyball, 8RD, EV 97.5 MPH)
|
|
Pitching: LHP Coen van Oorschot
|
|
|
Batting: RHB Waggoner Wagner
|
0-0: Ball 1-0: Called Strike 1-1: 2-RUN HOME RUN (Flyball, 7D, EV 96.9 MPH), Distance : 344 ft
|
|
Batting: RHB Sam Costello
|
0-0: Ball 1-0: Ball 2-0: Foul Ball, location: 2F 2-1: Swinging Strike 2-2: Strikes out swinging
|
| Top of the 8th over - 2 runs, 1 hit, 0 errors, 0 left on base; Hamilton Ross 2 - Arizona State University 3 |
| BOTTOM OF THE 8TH |
|
Arizona State University Sun Devils batting - Pitching for Hamilton Ross Rams : RHP Jimmy Simpson
|
|
Batting: LHB Eric Russell
|
0-0: Swinging Strike 0-1: Called Strike 0-2: Ball 1-2: Strikes out looking
|
|
Batting: LHB Dustin Gill
|
0-0: Ball 1-0: Ball 2-0: Ball 3-0: Called Strike 3-1: Base on Balls
|
|
Batting: LHB Burraga Iukini
|
0-0: Ball 1-0: Ball 2-0: Swinging Strike 2-1: Fly out, F9 (Flyball, 89M, EV 86.9 MPH)
|
|
Batting: RHB Jun-hyuk Leem
|
0-0: Swinging Strike 0-1: Swinging Strike 0-2: Fielders Choice at 2nd, 6-4 (Groundball, 56, EV 91.9 MPH)
|
| Bottom of the 8th over - 0 runs, 0 hits, 0 errors, 1 left on base; Hamilton Ross 2 - Arizona State University 3 |
| TOP OF THE 9TH |
|
Hamilton Ross Rams batting - Pitching for Arizona State University Sun Devils : LHP Coen van Oorschot
|
|
Pitching: RHP Ken Gray
|
|
|
Batting: SHB Steve Bailey
|
0-0: Called Strike 0-1: Ball 1-1: Swinging Strike 1-2: Ball 2-2: Fly out, F7 (Flyball, 7, EV 85.0 MPH)
|
|
Batting: RHB C.J. Fleet
|
0-0: Ball 1-0: Foul Ball, location: 2F 1-1: Ball 2-1: Called Strike 2-2: Strikes out looking
|
|
Batting: LHB Jose Lopez
|
0-0: Called Strike 0-1: Ball 1-1: Swinging Strike 1-2: Ball 2-2: Strikes out swinging
|
| Top of the 9th over - 0 runs, 0 hits, 0 errors, 0 left on base; Hamilton Ross 2 - Arizona State University 3 |
|